 Dungeon Crawl Stone Soup version 0.26.0-10-g1f06aea511 (webtiles) character file.

Game seed: 5980131280265167762

9478 jackrogers the Severer (level 11, 0/112 HPs)
             Began as a Hill Orc Chaos Knight on Jan 14, 2021.
             Was a Plaything of Xom.
             Succumbed to a soldier ant's poison
             ... on level 10 of the Dungeon.
             The game lasted 00:17:51 (11273 turns).

jackrogers the Severer (Hill Orc Chaos Knight)     Turns: 11273, Time: 00:17:53

Health: 0/112      AC: 17    Str: 25    XL:     11   Next: 47%
Magic:  11/11      EV:  7    Int: 12    God:    Xom [....*.]
Gold:   1400       SH:  0    Dex: 10    Spells: 10/10 levels left

rFire    . . .     SeeInvis .   b - +5 executioner's axe (flame)
rCold    . . .     Faith    .   (shield currently unavailable)
rNeg     . . .     Spirit   +   M - +0 plate armour
rPois    .         Reflect  .   (no helmet)
rElec    .         Harm     .   y - +0 cloak
rCorr    .         Rampage  .   (no gloves)
Will     ++...     Clarity  +   k - +0 pair of boots
Stlth    ..........             B - amulet of guardian spirit {Spirit}
HPRegen  0.28/turn              C - ring of willpower
MPRegen  0.12/turn              K - +6 ring of strength

@: berserking, lethally poisoned (0 -> -22), very quick
A: claws 1, slimy green scales 1, clarity, frail 2, strong-willed 1, inhibited
regeneration
a: Renounce Religion


You were on level 10 of the Dungeon.
You worshipped Xom.
You were a beloved toy of Xom.
You visited 1 branch of the dungeon, and saw 10 of its levels.

You collected 1595 gold pieces.
You spent 195 gold pieces at shops.

Inventory:

Hand Weapons
 a - the +2 battleaxe "Launaor" {protect, *Contam rF+ Will++ SInv}
   (You bought it in a shop on level 4 of the Dungeon)

   It grants its wielder temporary protection when it strikes (+7 to AC).
   It protects you from fire.
   It affects your willpower, your defense against some magical effects.
   It lets you see invisible.
   It causes magical contamination when unequipped.
 b - a +5 executioner's axe of flaming (weapon)
   (You acquired it on level 8 of the Dungeon)
Missiles
 A - 3 throwing nets {=f, !d}
Armour
 k - a +0 pair of boots (worn)
   (You found it on level 3 of the Dungeon)
 y - a +0 cloak (worn)
   (You took it off Crazy Yiuf on level 5 of the Dungeon)
 H - a +0 cloak of willpower
   (You took it off Maurice on level 9 of the Dungeon)
 L - a +3 leather armour
 M - a +0 plate armour (worn)
   (You found it on level 8 of the Dungeon)
 N - a +1 helmet
   (You found it on level 9 of the Dungeon)
Jewellery
 r - an uncursed amulet of the acrobat
   (You found it on level 4 of the Dungeon)
 B - an amulet of guardian spirit (around neck) {Spirit}
   (You took it off a gnoll on level 6 of the Dungeon)
 C - a ring of willpower (left claw)
   (You found it on level 6 of the Dungeon)
 D - an uncursed amulet of magic regeneration
   (You found it on level 7 of the Dungeon)
 E - an uncursed ring of resist corrosion
   (You found it on level 7 of the Dungeon)
 F - an uncursed ring of willpower
   (You found it on level 7 of the Dungeon)
 K - a +6 ring of strength (right claw)
   (You found it on level 8 of the Dungeon)
Wands
 n - a wand of paralysis (8)
   (You found it on level 2 of the Dungeon)
 t - a wand of iceblast (15)
   (You found it on level 5 of the Dungeon)
 u - a wand of flame (6)
   (You found it on level 9 of the Dungeon)
 z - a wand of random effects (24)
   (You took it off Crazy Yiuf on level 5 of the Dungeon)
 I - a wand of polymorph (6)
   (You took it off Maurice on level 9 of the Dungeon)
Scrolls
 c - 5 scrolls of remove curse
 d - 3 scrolls of enchant armour
 m - 4 scrolls of magic mapping {!r}
 o - 9 scrolls of teleportation
 w - a scroll of amnesia
Potions
 e - 3 potions of brilliance
 f - 2 potions of degeneration {!q}
 h - a potion of resistance {unknown}
 j - 2 potions of cancellation
 l - 3 potions of attraction {!q}
 q - a potion of haste {unknown}
 s - 3 potions of lignification {!q}
 v - a potion of invisibility {unknown}
 G - a potion of berserk rage {!q}
 J - a potion of might {unknown}


   Skills:
 * Level 8.2 Fighting
 + Level 18.6 Axes
 * Level 7.0 Armour
 - Level 0.7 Dodging


You had 10 spell levels left.
You didn't know any spells.
Your spell library contained the following spells:

 Spells                   Type           Power        Failure   Level
 Animate Skeleton         Necr           0%           99%         1
 Beastly Appendage        Tmut           0%           99%         1
 Pain                     Necr           0%           99%         1
 Passwall                 Tmut/Erth      0%           99%         2
 Wereblood                Tmut           0%           99%         2
 Confusing Touch          Hex            0%           100%        3
 Gell's Gravitas          Tloc           0%           100%        3
 Spider Form              Tmut/Pois      0%           100%        3
 Vampiric Draining        Necr           0%           100%        3
 Animate Dead             Necr           0%           100%        4
 Ice Form                 Ice/Tmut       0%           100%        4
 Petrify                  Tmut/Erth      0%           100%        4
 Agony                    Necr           0%           100%        5
 Blade Hands              Tmut           0%           100%        5
 Borgnjor's Vile Clutch   Necr/Erth      0%           100%        5
 Metabolic Englaciation   Hex/Ice        0%           100%        5
 Yara's Violent Unravell  Hex/Tmut       0%           100%        5
 Dragon Form              Tmut           0%           100%        7


Dungeon Overview and Level Annotations

Branches:
Dungeon (10/15)            Temple (0/1) D:6
   Lair: D:8-11         Orc: D:9-12

Altars:
Cheibriados
Fedhas
Hepliaklqana
Nemelex Xobeh
Okawaru
Vehumet
Xom
The Shining One

Shops:
D:4 (   D:7 !(*}

Annotations:
D:8 2 transporters


Innate Abilities, Weirdness & Mutations

You have sharp fingernails.
You are partially covered in slimy green scales. (AC +2)
You possess an exceptional clarity of mind.
You are very frail. (-20% HP)
You are strong-willed. (Will+)
You do not regenerate when monsters are visible.


Message History

The soldier ant stings you but does no damage.
The soldier ant barely misses you.
Warning x3: The soldier ant is fast and can poison! x3
Unknown command.
* * * LOW HITPOINT WARNING * * *
You feel extremely sick.
A soldier ant comes into view.
Danger x4: soldier ant x4!
You feel much better.
You feel extremely sick. The soldier ant barely misses you.
The soldier ant stings you.
You are more poisoned.
The soldier ant poisons you!
You closely miss the soldier ant. You slash the soldier ant!
You burn the soldier ant.
You kill the soldier ant!
You feel extremely sick.
The soldier ant stings you but does no damage.
Your Fighting skill increases to level 8!
Warning x3: The soldier ant is fast and can poison! x3
Your plate armour prevents you from hitting the soldier ant.
You barely miss the soldier ant.
* * * LOW HITPOINT WARNING * * *
You feel extremely sick.
The soldier ant stings you but does no damage. x2
You slice the soldier ant!! You burn the soldier ant.
You kill the soldier ant!
You slash the soldier ant! You burn the soldier ant.
* * * LOW HITPOINT WARNING * * *
You feel extremely sick.
The soldier ant stings you but does no damage.
Warning x2: The soldier ant is fast and can poison! x2
You feel much better.
You feel very sick.
The soldier ant stings you but does no damage.
The soldier ant stings you.
You slice the soldier ant!! You burn the soldier ant!
You kill the soldier ant!
You hit the soldier ant but do no damage.
* * * LOW HITPOINT WARNING * * *
You feel very sick. The soldier ant barely misses you.
Spoiler Alert: The soldier ant is fast and can poison!
* * * LOW HITPOINT WARNING * * *
You feel very sick.
The soldier ant stings you but does no damage.
Things that are here:
a soldier ant corpse; a worker ant corpse You slash the soldier ant!
You burn the soldier ant.
You kill the soldier ant!
* * * LOW HITPOINT WARNING * * *
You feel very sick.
Your Armour skill increases to level 7!
You are confused.
You feel invigorated.
* * * LOW HITPOINT WARNING * * *
You feel very sick.
A worker ant comes into view.
* * * LOW HITPOINT WARNING * * *
You feel very sick.
* * * LOW HITPOINT WARNING * * *
You feel very sick.
The worker ant bites you but does no damage.
* * * LOW HITPOINT WARNING * * *
You feel very sick.
Xom's power touches on a nearby monster.
The worker ant evaporates and reforms as a giant cockroach!
You are now a beloved toy of Xom.
The giant cockroach closely misses you.
* * * LOW HITPOINT WARNING * * *
You feel very sick.
You closely miss the giant cockroach.
* * * LOW HITPOINT WARNING * * *
You feel very sick.
The giant cockroach bites you but does no damage.
* * * LOW HITPOINT WARNING * * *
You feel very sick.
Things that are here:
a +0 giant spiked club; a worker ant corpse; an ogre corpse You feel less invigorated.
You feel less confused.
* * * LOW HITPOINT WARNING * * *
You feel very sick.
The giant cockroach bites you but does no damage.
You see here a silvery potion.
You slice the giant cockroach!! You burn the giant cockroach.
You kill the giant cockroach!
The worker ant returns to its original shape as it dies.
* * * LOW HITPOINT WARNING * * *
You feel very sick.
* * * LOW HITPOINT WARNING * * *
You feel very sick.
Items here: ) †††.
* * * LOW HITPOINT WARNING * * *
You feel sick.
Really quaff
G - 2 potions of berserk rage {!q}?
A red film seems to cover your vision as you go berserk!
You feel yourself moving faster!
You feel mighty!
You die...
Xom howls with laughter!

.. .. #.#
#.. #.# #.#
#.# #.# #.#
#.#
#.#######.##
#......!...#
#..#####@†##
#.####..#
##.###
#.......#
#†††#
######.##
#.........
######.##
#?#.######
(.......<#
#...#
..#####..#
###.# #..#
.# #..# .#


There were no monsters in sight!

Vanquished Creatures
  2 two-headed ogres
  A queen ant (D:10)
  An unseen horror (D:10)
  Maurice (D:9)
  Joseph (D:9)
  A hornet (D:8)
  3 yaks (D:9)
  A golden eye (D:8)
  11 soldier ants
  An ice beast (D:9)
  A sky beast (D:9)
  2 black bears
  6 orc warriors
  2 phantoms
  6 ogres
  3 centaurs
  3 lemures (D:8)
  2 bullfrogs
  2 big kobolds (D:4)
  2 wyvern zombies
  A scorpion (D:9)
  A wyvern skeleton (D:8)
  4 killer bees (D:7)
  4 wights (D:7)
  3 howler monkeys
  A bullfrog zombie (D:6)
  3 hounds
  2 jellies
  6 orc wizards
  6 orc priests
  3 iguanas
  Crazy Yiuf (D:5)
  A bullfrog skeleton (D:9)
  2 gnoll shamans (D:6)
  Jessica (D:3)
  13 worker ants
  A hound skeleton (D:6)
  30 gnolls (D:6)
  4 adders
  2 white imps (D:6)
  3 ufetubi
  An ooze (D:6)
  An adder skeleton (D:8)
  An adder zombie (D:5)
  2 worms
  2 dart slugs
  7 leopard geckos
  38 orcs
  4 ball pythons
  4 giant cockroaches
  A goblin (D:1)
  4 hobgoblins
  19 jackals
  7 bats
  6 frilled lizards
  9 kobolds
  A quokka zombie (D:8)
  2 rats (D:1)
253 creatures vanquished.

Vanquished Creatures (collateral kills)
  Edmund (D:6)
  An iguana (D:8)
  3 jackals (D:6)
5 creatures vanquished.

Vanquished Creatures (others)
  A plant (D:6)
1 creature vanquished.

Grand Total: 259 creatures vanquished

Notes
Turn   | Place    | Note
-------+----------+-------------------------------------------
     0 | D:1      | jackrogers the Hill Orc Chaos Knight began the quest for
                  | the Orb.
     0 | D:1      | Reached XP level 1. HP: 19/19 MP: 1/1
   254 | D:1      | Reached XP level 2. HP: 25/26 MP: 2/2
   499 | D:1      | Reached skill level 5 in Axes
  1052 | D:2      | XOM: silly message
  1252 | D:2      | XOM: give mutations
  1252 | D:2      | Gained mutation: You do not regenerate when monsters are
                  | visible. [Xom's mischief]
  1252 | D:2      | Gained mutation: You have an increased reservoir of magic.
                  | (+10% MP) [Xom's mischief]
  1252 | D:2      | Gained mutation: Your body sometimes deteriorates upon
                  | taking damage. [Xom's mischief]
  1590 | D:3      | Reached XP level 3. HP: 31/31 MP: 3/3
  1688 | D:3      | XOM: scenery: summon butterflies
  1775 | D:3      | XOM: give mutation
  1775 | D:3      | Gained mutation: Your mind is acute. (Int +2) [Xom's grace]
  1896 | D:3      | Found a sparkling altar of Nemelex Xobeh.
  1896 | D:3      | Noticed Jessica
  1902 | D:3      | Killed Jessica
  1903 | D:3      | Reached skill level 6 in Axes
  1926 | D:3      | XOM: give mutations
  1926 | D:3      | Gained mutation: You possess an exceptional clarity of
                  | mind. [Xom's grace]
  1926 | D:3      | Gained mutation: You evolve. [Xom's grace]
  1926 | D:3      | Gained mutation: You are partially covered in slimy green
                  | scales. (AC +2) [Xom's grace]
  2009 | D:3      | XOM: scenery: 1 doors open, 1 doors close
  2055 | D:3      | Reached XP level 4. HP: 39/39 MP: 4/4
  2125 | D:3      | XOM: god gift: flail {god gift}
  2151 | D:3      | Noticed a centaur
  2151 | D:3      | a centaur changed into a worker ant
  2151 | D:3      | XOM: polymorph centaur -> worker ant
  2156 | D:3      | XOM: cleaving
  2169 | D:3      | HP: 9/39 [poisoned by a worker ant]
  2176 | D:3      | HP: 7/39 [poisoned by a worker ant]
  2183 | D:3      | HP: 6/39 [poisoned by a worker ant]
  2191 | D:3      | HP: 5/39 [poisoned by a worker ant]
  2230 | D:3      | XOM: 1-stop teleportation journey
  2347 | D:3      | Gained mutation: You are mostly covered in slimy green
                  | scales. (AC +3) [evolution]
  2872 | D:4      | Reached skill level 7 in Axes
  2872 | D:4      | Reached XP level 5. HP: 41/45 MP: 5/5
  2919 | D:4      | Lost mutation: Your body sometimes deteriorates upon taking
                  | damage. [evolution]
  3032 | D:4      | HP: 10/45 [iguana (14)]
  3035 | D:4      | Reached skill level 8 in Axes
  3332 | D:4      | Reached XP level 6. HP: 36/51 MP: 6/6
  3497 | D:4      | XOM: give mutations
  3497 | D:4      | Gained mutation: You are partially covered in large bone
                  | plates. (SH +4) [Xom's grace]
  3497 | D:4      | Gained mutation: You can translocate small distances at
                  | will. [Xom's grace]
  3497 | D:4      | Gained mutation: You have sharp toenails. [Xom's grace]
  3497 | D:4      | Gained mutation: You have a pair of small horns on your
                  | head. [Xom's grace]
  3542 | D:4      | Found Gykhlirhao's Antique Weapon Emporium.
  3550 | D:4      | Bought a scorched battleaxe for 195 gold pieces
  3550 | D:4      | Identified the +2 battleaxe "Launaor" {protect, *Contam rF+
                  | Will++ SInv} (You bought it in a shop on level 4 of the
                  | Dungeon)
  3559 | D:4      | Reached skill level 9 in Axes
  3825 | D:4      | XOM: 1-stop teleportation journey
  3890 | D:4      | XOM: scenery: 1 doors open, 1 doors close
  4134 | D:4      | Reached skill level 10 in Axes
  4134 | D:4      | Reached XP level 7. HP: 48/57 MP: 7/7
  4214 | D:5      | Entered Level 5 of the Dungeon
  4345 | D:5      | Found a glowing golden altar of the Shining One.
  4345 | D:5      | Found a radiant altar of Vehumet.
  4377 | D:5      | Found a runed translucent door.
  4378 | D:5      | Noticed Crazy Yiuf
  4546 | D:5      | Reached skill level 11 in Axes
  4621 | D:4      | Gained mutation: Your spells are a little harder to cast,
                  | but a little more powerful. [evolution]
  4687 | D:4      | XOM: god gift: scroll of enchant armour
  4764 | D:5      | XOM: polymorph iguana -> jelly
  4955 | D:5      | XOM: god gift: robe {god gift}
  5038 | D:5      | Killed Crazy Yiuf
  5106 | D:6      | Found a shimmering altar of Xom.
  5111 | D:6      | XOM: polymorph hound -> bat
  5165 | D:6      | Reached XP level 8. HP: 59/64 MP: 8/8
  5304 | D:6      | Reached skill level 12 in Axes
  5311 | D:6      | XOM: silly message
  5468 | D:6      | XOM: divination: detect items
  5661 | D:6      | Identified Anuluwal's Volume of Dusty Changing (Xom gifted
                  | it to you on level 6 of the Dungeon)
  5661 | D:6      | XOM: god gift: Anuluwal's Volume of Dusty Changing
  5663 | D:6      | XOM: god gift: 988 gold pieces
  5674 | D:6      | Lost mutation: Your spells are a little harder to cast, but
                  | a little more powerful. [evolution]
  5725 | D:6      | Reached skill level 13 in Axes
  5899 | D:6      | XOM: fog
  6108 | D:6      | Noticed Edmund
  6116 | D:6      | Killed Edmund
  6236 | D:6      | XOM: god gift: 21 sling bullets
  6268 | D:6      | Found a blossoming altar of Fedhas.
  6322 | D:6      | Reached skill level 14 in Axes
  6373 | D:6      | Found a staircase to the Ecumenical Temple.
  6560 | D:6      | XOM is BORED!
  6560 | D:6      | XOM: give mutations
  6560 | D:6      | Gained mutation: You are weak. (Str -2) [Xom's mischief]
  6560 | D:6      | Lost mutation: You have an increased reservoir of magic.
                  | (+10% MP) [Xom's mischief]
  6560 | D:6      | Gained mutation: You are strong-willed. (Will+) [Xom's
                  | mischief]
  6560 | D:6      | Lost mutation: Your mind is acute. (Int +2) [Xom's
                  | mischief]
  6564 | D:6      | XOM: cloud trail
  6676 | D:7      | Found Hosoony's Antique Weapon Boutique.
  6753 | D:7      | Reached XP level 9. HP: 61/70 MP: 9/9
  6781 | D:7      | XOM: give mutations
  6781 | D:7      | Lost mutation: You have a pair of small horns on your head.
                  | [Xom's mischief]
  6781 | D:7      | Lost mutation: You are weak. (Str -2) [Xom's mischief]
  6781 | D:7      | Lost mutation: You are mostly covered in slimy green
                  | scales. (AC +3) [Xom's mischief]
  6781 | D:7      | Gained mutation: You are frail. (-10% HP) [Xom's mischief]
  6798 | D:7      | Found Yhainiaj's Distillery.
  6812 | D:7      | XOM: swap monsters
  6883 | D:7      | XOM: noise
  6893 | D:7      | Reached skill level 15 in Axes
  6965 | D:7      | XOM: give mutation
  6965 | D:7      | Gained mutation: You are weak. (Str -2) [Xom's mischief]
  7025 | D:7      | XOM: 2-stop teleportation journey
  7084 | D:7      | Found an iron altar of Okawaru.
  7101 | D:7      | Found Jegimy's General Store.
  7189 | D:7      | Found Zunwoifo's Gadget Emporium.
  7200 | D:7      | XOM: silly message
  7208 | D:7      | XOM: cleaving
  7299 | D:7      | XOM: give mutation
  7299 | D:7      | Gained mutation: You are very frail. (-20% HP) [Xom's
                  | mischief]
  7387 | D:7      | Found a hazy altar of Hepliaklqana.
  7446 | D:7      | XOM: divination: detect creatures
  7460 | D:7      | HP: 14/56 [killer bee (5)]
  7465 | D:7      | HP: 1/56 [killer bee (8)]
  7485 | D:7      | Reached skill level 16 in Axes
  7808 | D:7      | XOM: silly message
  7818 | D:7      | XOM: cloud trail
  7893 | D:7      | Found a snail-covered altar of Cheibriados.
  8068 | D:8      | XOM: summons friendly white imp
  8097 | D:8      | Noticed a two-headed ogre
  8103 | D:8      | Killed a two-headed ogre
  8104 | D:8      | Reached skill level 17 in Axes
  8104 | D:8      | Reached XP level 10. HP: 30/61 MP: 5/10
  8259 | D:8      | XOM: summons 2 hostile demons
  8407 | D:8      | Noticed Pikel
  8410 | D:8      | Noticed Pikel
  8410 | D:8      | Pikel changed into Pikel the golden eye
  8410 | D:8      | XOM: polymorph Pikel -> Pikel the golden eye
  8420 | D:8      | Killed Pikel the golden eye
  8459 | D:8      | Gained mutation: You have sharp fingernails. [evolution]
  8665 | D:8      | Noticed a seven-headed hydra
  8667 | D:8      | Found a transporter.
  8668 | D:8      | Found the +8 demon trident "Rift" {distort, reach+}
  8669 | D:8      | Noticed a boulder beetle
  8678 | D:8      | Found a transporter.
  9055 | D:8      | Identified a scroll of acquirement
  9055 | D:8      | Acquired a +2 executioner's axe of flaming
  9084 | D:9      | Noticed Maurice
  9099 | D:9      | Killed Maurice
  9100 | D:9      | Reached skill level 18 in Axes
  9285 | D:9      | Paralysed by a hornet for 2 turns
  9296 | D:9      | HP: 13/61 [orc priest/divine providence (10)]
  9297 | D:9      | HP: 5/61 [hornet (7)]
  9299 | D:9      | HP: 2/61 [poisoned by a hornet]
  9316 | D:9      | HP: 3/61 [hornet (7)]
  9317 | D:8      | HP: 1/61 [poisoned by a hornet]
  9323 | D:8      | Paralysed by a hornet for 3 turns
  9329 | D:8      | XOM: noise
  9330 | D:8      | XOM: swap monsters
  9334 | D:8      | Reached skill level 4 in Fighting
  9506 | D:8      | XOM: give mutations
  9506 | D:8      | Lost mutation: You have sharp toenails. [Xom's mischief]
  9506 | D:8      | Lost mutation: You are weak. (Str -2) [Xom's mischief]
  9506 | D:8      | Lost mutation: You are strong-willed. (Will+) [Xom's
                  | mischief]
  9506 | D:8      | Gained mutation: Your body sometimes deteriorates upon
                  | taking damage. [Xom's mischief]
  9773 | D:9      | Lost mutation: You evolve. [end of evolution]
  9853 | D:9      | XOM: stat loss: -1 Int (11/12)
  9864 | D:9      | XOM: give mutations
  9864 | D:9      | Lost mutation: Your body sometimes deteriorates upon taking
                  | damage. [Xom's mischief]
  9864 | D:9      | Gained mutation: You are weak. (Str -2) [Xom's mischief]
  9943 | D:9      | Reached skill level 3 in Armour
 10026 | D:9      | Reached skill level 5 in Fighting
 10168 | D:9      | XOM: smoke on damage
 10172 | D:9      | Reached skill level 4 in Armour
 10239 | D:9      | XOM is BORED!
 10239 | D:9      | XOM: give mutations
 10239 | D:9      | Lost mutation: You are partially covered in large bone
                  | plates. (SH +4) [Xom's mischief]
 10239 | D:9      | Lost mutation: You are weak. (Str -2) [Xom's mischief]
 10239 | D:9      | Lost mutation: You can translocate small distances at will.
                  | [Xom's mischief]
 10258 | D:9      | Noticed Joseph
 10267 | D:9      | Killed Joseph
 10572 | D:9      | Reached skill level 6 in Fighting
 10603 | D:9      | XOM: silly message
 10693 | D:9      | Noticed a two-headed ogre
 10694 | D:9      | XOM: fog
 10699 | D:9      | Killed a two-headed ogre
 10700 | D:9      | Reached skill level 5 in Armour
 10700 | D:9      | Reached XP level 11. HP: 22/72 MP: 2/11
 11154 | D:9      | Gained mutation: You are strong-willed. (Will+) [mutagenic
                  | glow]
 11199 | D:10     | Entered Level 10 of the Dungeon
 11206 | D:10     | XOM: enchant monster (bad)
 11211 | D:10     | Killed an unseen horror
 11212 | D:10     | Reached skill level 7 in Fighting
 11212 | D:10     | Reached skill level 6 in Armour
 11240 | D:10     | XOM: smoke on damage
 11241 | D:10     | Noticed a queen ant
 11247 | D:10     | HP: 17/73 [queen ant (6)]
 11248 | D:10     | HP: 5/73 [poisoned by a queen ant]
 11252 | D:10     | Killed a queen ant
 11256 | D:10     | Reached skill level 8 in Fighting
 11257 | D:10     | HP: 11/75 [poisoned by a soldier ant]
 11262 | D:10     | Reached skill level 7 in Armour
 11262 | D:10     | HP: 8/75 [poisoned by a soldier ant]
 11265 | D:10     | XOM: polymorph worker ant -> giant cockroach
 11267 | D:10     | HP: 8/75 [poisoned by a soldier ant]
 11271 | D:10     | HP: 3/75 [poisoned by a soldier ant]
 11272 | D:10     | HP: 1/75 [poisoned by a soldier ant]
 11273 | D:10     | Succumbed to a soldier ant's poison

Illustrated notes

Levels and vault maps discovered:
D:1:      minmay_arrival_three_doors, layout_loops_corners,
          minmay_shallow_snake_nest
D:2:      layout_rooms, kennysheep_path_1, mrwooster_statue_mirror
D:3:      minmay_bubble_buster, layout_basic, minmay_misc_feat_doors,
          minmay_fountain_box, nemelex_lonely_heart_becter
D:4:      cheibrodos_thug_alley, layout_gridville, serial_shops, shop
D:5:      layout_basic, gammafunk_temple_overflow_elements,
          minmay_fractal_squares_5, uniq_crazy_yiuf_cottage
D:6:      lemuel_castle_with_subvaults [lemuel_castle_interior_carwin_2],
          layout_basic, nicolae_overflow_crystal_walls,
          lemuel_temple_firewalk_b, basic_altar, dk_rats_in_the_wall,
          uniq_edmund
D:7:      layout_loops_ring, slow_altar_1, kennysheep_little_box,
          nzn_hepliaklqana_mist_gate, serial_shops, shop, shop, shop_statue,
          shop, kennysheep_generic_room_7
D:8:      gammafunk_sealed_arena, layout_loops_ring, uniq_pikel
D:9:      layout_grid_maze, uniq_joseph, uniq_maurice
D:10:     layout_loops_ring, dpeg_oklobed_lair, serial_shops,
          nicolae_shop_temple_entry_statues_fountains, minivault_29

Skill      XL: |  1  2  3  4  5  6  7  8  9 10 11 |
---------------+----------------------------------+-----
Axes           | 5 6 7 8 10 11 14 17 18 | 18.6
Fighting       | 6 8 |  8.2
Armour         | 5 7 |  7.0
Dodging        | |  0.7

Action                   |  1- 3 |  4- 6 |  7- 9 | 10-12 || total
-------------------------+-------+-------+-------+-------++-------
Melee: Hand axe          |    70 |    71 |       |       ||   141
       Battleaxe         |       |    24 |   301 |   194 ||   519
       Headbutt          |       |     3 |    25 |       ||    28
       Executioner's axe |       |       |       |    44 ||    44
  Use: Scroll            |     7 |     3 |     4 |    10 ||    24
       Potion            |       |       |     1 |    11 ||    12
 Stab: Paralysed         |     3 |       |       |       ||     3
Armor: Leather armour    |    32 |    37 |   146 |    32 ||   247
       Plate armour      |       |       |       |    97 ||    97
       Skin              |       |       |       |     9 ||     9
Dodge: Dodged            |    44 |    38 |   183 |    90 ||   355
Block: Other             |       |     2 |    58 |    15 ||    75

Table legend: (Time is in decaauts)
 A = Elapsed time spent in this place.
 B = Non-inter-level travel time spent in this place.
 C = Inter-level travel time spent in this place.
 D = Time resting spent in this place.
 E = Time spent auto-exploring this place.
 F = Levels seen in this place.
 G = Mean time per level.
                   A        B        C        D        E       F      G
               +--------+--------+--------+--------+--------+-----+--------+
         Total |  11260 |  10945 |    315 |   2811 |   6547 |  10 | 1126.0 |
       Dungeon |  11260 |  10945 |    315 |   2811 |   6547 |  10 | 1126.0 |
               +--------+--------+--------+--------+--------+-----+--------+

Top non-repeatable levels by time:
     D:9: 1702 daAuts
     D:4: 1626 daAuts
     D:6: 1607 daAuts
     D:8: 1395 daAuts
     D:7: 1379 daAuts
     D:3: 1249 daAuts
     D:1: 965 daAuts
     D:5: 710 daAuts
     D:2: 545 daAuts
    D:10: 77 daAuts

Table legend:
 A = Kills in this place as a percentage of kills in entire the game.
 B = Kills by you in this place as a percentage of kills by you in the entire game.
 C = Kills by friends in this place as a percentage of kills by friends in the entire game.
 D = Other kills in this place as a percentage of other kills in the entire game.
 E = Experience gained in this place as a percentage of experience gained in the entire game.
 F = Experience gained in this place divided by the number of levels of this place that you have seen.
                   A       B       C       D       E      F
               +-------+-------+-------+-------+-------+----------------------
         Total | 100.0 | 100.0 | 100.0 |   N/A | 100.0 | 1354.1
       Dungeon | 100.0 | 100.0 | 100.0 |   N/A | 100.0 | 1354.1
               +-------+-------+-------+-------+-------+----------------------
